 Dungeon Crawl Stone Soup version 0.26.1-11-gd32895ea62 (webtiles) character file.

Game seed: 1836185648186339685

336 MajorAdolf the Sneak (level 6, 0/52 HPs)
             Began as a Naga Wanderer on July 23, 2021.
             Slain by a centaur (9 damage)
             ... on level 4 of the Dungeon.
             The game lasted 00:10:06 (5633 turns).

MajorAdolf the Sneak (Naga Wanderer)                Turns: 5633, Time: 00:10:06

Health: 0/52       AC:  3    Str: 13    XL:     6   Next: 54%
Magic:  6/6        EV:  9    Int: 13    God:
Gold:   248        SH:  0    Dex: 13    Spells: 4/5 levels left

rFire    . . .     SeeInvis +   k - +2 dagger (venom)
rCold    . . .     Faith    .   (no shield)
rNeg     . . .     Spirit   .   e - +0 robe
rPois    +         Reflect  .   (no helmet)
rElec    .         Harm     .   (no cloak)
rCorr    .         Rampage  .   (no gloves)
Will     .....                  (no barding)
Stlth    +++.......             (no amulet)
HPRegen  0.17/turn              (no ring)
MPRegen  0.10/turn              (no ring)

@: short of breath, very slow
A: large, see invisible, deformed body, poison resistance, slowness 2, spit
poison 1, AC +2
a: Spit Poison


You were on level 4 of the Dungeon.
You visited 1 branch of the dungeon, and saw 4 of its levels.

You collected 248 gold pieces.

Inventory:

Hand Weapons
 a - a +2 dagger
 b - a +0 hunting sling
 j - a +1 dagger of pain
 k - a +2 dagger of venom (weapon)
Missiles
 s - 8 poisoned darts
Armour
 e - a +0 robe (worn)
Jewellery
 g - an uncursed ring of magical power
Scrolls
 c - 6 scrolls of identify {unknown}
 d - 2 scrolls of blinking {unknown}
 h - 2 scrolls of fog {unknown}
 i - a scroll of amnesia {unknown}
 m - 2 scrolls of enchant weapon {unknown}
 n - a scroll of random uselessness {unknown}
 p - 4 scrolls of remove curse {unknown}
 t - 2 scrolls of teleportation {unknown}
Potions
 f - 5 potions of curing {unknown}
 l - a potion of brilliance {unknown}
 o - a potion of flight {unknown}
 q - a potion of haste {unknown}
 r - a potion of degeneration {unknown}


   Skills:
 - Level 2.0 Fighting
 * Level 4.9 Short Blades
 - Level 2.0 Polearms
 - Level 1.0 Throwing
 - Level 1.5 Armour
 - Level 1.0 Dodging
 + Level 5.9 Stealth
 + Level 1.7 Hexes


You had 4 spell levels left.
You knew the following spells:

 Your Spells              Type           Power        Failure   Level
a - Corona                Hex            4%           16%         1

Your spell library contained the following spells:

 Spells                   Type           Power        Failure   Level
 Animate Skeleton         Necr           0%           30%         1
 Apportation              Tloc           0%           30%         1
 Summon Small Mammal      Summ           0%           30%         1


Dungeon Overview and Level Annotations

Branches:
Dungeon (4/15)             Temple (0/1) D:4

Altars:
Elyvilon
Fedhas
Makhleb
Nemelex Xobeh
Vehumet
Wu Jian
Yredelemnul


Innate Abilities, Weirdness & Mutations

You cannot wear boots.
Your serpentine skin is tough. (AC +2)
You have supernaturally acute eyesight. (SInv)
Armour fits poorly on your strangely shaped body.
Your system is resistant to poisons. (rPois)
You cover ground very slowly.
You can spit poison.


Message History

You see here 2 arrows.
Unknown command.
Okay, then.
You start resting.
You feel sick.
A centaur is nearby!
The centaur unwields a +0 shortbow.
The centaur hits you.
* * * LOW HITPOINT WARNING * * *
The centaur barely misses you.
Unknown command.
You hit the centaur but do no damage.
The centaur is poisoned.
The centaur hits you.
* * * LOW HITPOINT WARNING * * *
Press: ? - help, Shift-Dir - straight line, f - centaur
Aim: a centaur, quivering 8 arrows (very poisoned)
The splash of poison hits the centaur.
The centaur is moderately wounded.
You feel sick.
You are no longer poisoned.
The centaur hits you!
You die...

##
##..##.#####.####.##....######
##.#..#......<......#..#.....
#.# ##.########..#...##.####
#.# #. #..#...>..# . ..##.###
#..#...##.# ... .....#
#..######.# .....#.#(######..#
#.# #..(((c......# #.#
#...####@####.## #.# #c#..
#........ ..# ......
######.### ### # ####. .# #.
.# #. .# ## ##


You could see a centaur (very poisoned).

Vanquished Creatures
  An ogre (D:4)
  A hound (D:4)
  2 worker ants
  A howler monkey skeleton (D:4)
  7 adders
  2 oozes (D:1)
  2 dart slugs
  A leopard gecko (D:3)
  4 orcs
  7 bats
  3 giant cockroaches
  14 goblins
  8 hobgoblins
  7 jackals
  9 kobolds
  2 quokkas (D:4)
  A ball python (D:3)
  9 frilled lizards
  A jackal skeleton (D:4)
  8 rats
90 creatures vanquished.

Notes
Turn   | Place    | Note
-------+----------+-------------------------------------------
     0 | D:1      | MajorAdolf the Naga Wanderer began the quest for the Orb.
     0 | D:1      | MajorAdolf set off with the following items: a +2 dagger, a
                  | curare-tipped dart, a +0 hand axe, a +0 spear, a +0 robe
     0 | D:1      | Reached XP level 1. HP: 19/19 MP: 1/1
    49 | D:1      | Reached skill level 1 in Short Blades
    49 | D:1      | Reached XP level 2. HP: 18/26 MP: 2/2
   796 | D:1      | Reached XP level 3. HP: 32/32 MP: 3/3
  2225 | D:2      | Reached skill level 4 in Stealth
  2243 | D:2      | Reached XP level 4. HP: 39/39 MP: 4/4
  2346 | D:2      | Learned a level 1 spell: Corona
  3194 | D:3      | Found a white marble altar of Elyvilon.
  3665 | D:3      | Reached XP level 5. HP: 45/45 MP: 5/5
  3929 | D:3      | Found a basalt altar of Yredelemnul.
  4036 | D:3      | Found a radiant altar of Vehumet.
  4037 | D:3      | Found a sparkling altar of Nemelex Xobeh.
  4037 | D:3      | Found a burning altar of Makhleb.
  4038 | D:3      | Found an ornate altar of the Wu Jian Council.
  4046 | D:3      | Reached skill level 5 in Stealth
  4640 | D:4      | Reached skill level 1 in Hexes
  4880 | D:4      | Reached XP level 6. HP: 52/52 MP: 4/6
  5285 | D:4      | Found a staircase to the Ecumenical Temple.
  5352 | D:4      | Found a blossoming altar of Fedhas.
  5633 | D:4      | Slain by a centaur

Illustrated notes

Levels and vault maps discovered:
D:1:      mushboom_english_gardens, layout_loops_ring
D:2:      layout_basic, minmay_misc_feat_room
D:3:      layout_basic, grunt_temple_overflow_open, kennysheep_ying_yang,
          minmay_misc_feat_tiny, minmay_cupped
D:4:      kennysheep_spiral_hall, layout_loops_ring,
          minmay_temple_entry_overgrown, fedhas_altar_3

Skill      XL: |  1  2  3  4  5 |
---------------+----------------+-----
Short Blades   | 1 2 3 4 |  4.9
Stealth        | 4 5 |  5.9
Hexes          | 1 |  1.7
Fighting       | |  2.0
Polearms       | |  2.0
Throwing       | |  1.0
Armour         | |  1.5
Dodging        | |  1.0

Action                   |  1- 3 |  4- 6 || total
-------------------------+-------+-------++-------
Melee: Dagger            |    45 |   121 ||   166
Throw: Dart              |     1 |       ||     1
 Cast: Corona            |       |    15 ||    15
 Abil: Spit Poison       |    31 |    31 ||    62
 Stab: Sleeping          |     1 |     3 ||     4
Armor: Robe              |    10 |    23 ||    33
Dodge: Dodged            |    20 |    60 ||    80
